AoeStats
← Malik_dk14

Migration

508985182Analyzed
1v1 RM · 7d ago on Sep 25, 2026· 42m 10s· 2 players
Game mode
Random Map
Map size
132×132
Population
200
Speed
Normal
Resources
Standard
Victory
Conquest
Starting age
Dark Age
Ending age
Imperial Age
RankedLock teamsTeams togetherTeam positionsShared explorationLock speedFull tech treeHidden civsTurbo modeCheats
Victory
Defeat
🇦🇷 Varangians · Argentina
570
+17
🇹🇷 Poles · Türkiye
587
-29
Malik_dk14
10:05 Loom
12:20 Feudal Age
15:03 Double-Bit Axe
17:13 Fishing Lines
25:54 Castle Age
27:31 Medium Warships
28:42 Gold Mining
29:05 Bow Saw
29:18 Squires
29:03 Arson
32:27 Gillnets
32:53 Stone Mining
turkerzekican
12:47 Feudal Age
16:53 Man-at-Arms
29:26 Fishing Lines
39:54 Castle Age
Connection lost

Rejoining the realm…

Still unreachable

The connection could not be restored.

Session expired

The server has moved on; the page needs a fresh start.